 Dungeon Crawl Stone Soup version 0.21.1-1-g345015fe64 (webtiles) character file.

21610 Gargoyl the Schismatic (level 12, 0/102 HPs)
             Began as a Centaur Abyssal Knight on May 14, 2018.
             Was an Elder of Lugonu.
             Slain by a yak (8 damage)
             ... on level 4 of the Lair of Beasts.
             The game lasted 00:24:22 (13139 turns).

Gargoyl the Schismatic (Centaur Abyssal Knight)    Turns: 13139, Time: 00:24:23

Health: 0/102      AC: 21    Str: 21    XL:     12   Next: 55%
Magic:  9/20       EV:  2    Int: 11    God:    Lugonu [****..]
Gold:   674        SH: 10    Dex: 11    Spells: 11/11 levels left

rFire    + . .     SeeInvis .   d - +2 war axe (freeze)
rCold    . . .     Gourm    .   t - +0 shield
rNeg     . . .     Faith    .   K - +0 plate armour (curse)
rPois    +         Spirit   .   w - +0 hat
rElec    .         Reflect  .   G - +0 cloak
rCorr    .         Harm     .   A - +0 pair of gloves
MR       .....                  i - +1 centaur barding of Forgh {Str+3}
Stlth    ..........             n - amulet of regeneration
HPRegen  0.67/turn              b - ring of protection from fire
MPRegen  0.17/turn              M - ring of poison resistance

@: very quick
A: large, hooves 3, deformed body, speed 2, tough skin 3
a: Depart the Abyss, Bend Space, Banish, Corrupt, Renounce Religion


You were on level 4 of the Lair of Beasts.
You worshipped Lugonu.
Lugonu was greatly pleased with you.
You were hungry.

You visited 2 branches of the dungeon, and saw 14 of its levels.
You visited the Abyss 1 time.

You collected 674 gold pieces.

Inventory:

Hand Weapons
 a - a +2 hand axe
 d - a +2 war axe of freezing (weapon)
Missiles
 s - 12 tomahawks (quivered)
Armour
 i - the +1 centaur barding of Forgh (worn) {Str+3}
   (You acquired it on level 8 of the Dungeon)

   It affects your strength (+3).
 t - a +0 shield (worn)
 w - a +0 hat (worn)
 A - a +0 pair of gloves (worn)
 G - a +0 cloak (worn)
 K - a cursed +0 plate armour (worn)
Jewellery
 b - a ring of protection from fire (left hand)
 n - an amulet of regeneration (around neck)
 B - an uncursed ring of see invisible
 M - a ring of poison resistance (right hand)
Wands
 l - a wand of paralysis (19)
 y - a wand of iceblast (4)
 I - a wand of polymorph (31)
 N - a wand of enslavement (15)
Scrolls
 f - 2 scrolls of fog
 r - a scroll of identify
 u - 3 scrolls of teleportation
 x - 9 scrolls of remove curse
 L - 5 scrolls of amnesia
Potions
 e - a potion of invisibility
 h - 5 potions of curing
 j - 2 potions of might
 o - a potion of magic {unknown}
 p - 2 potions of degeneration
 q - a potion of haste {unknown}
 v - 3 potions of lignification
 E - a potion of cancellation {unknown}
 F - a potion of brilliance {unknown}
 J - 2 potions of ambrosia
Books
 g - a book of Minor Magic

   Spells                             Type                      Level
   a - Magic Dart                     Conjuration                  1
   b - Blink                          Translocation                2
   c - Call Imp                       Summoning                    2
   d - Slow                           Hexes                        2
   e - Conjure Flame                  Conjuration/Fire             3
   f - Mephitic Cloud                 Conjuration/Poison/Air       3
 k - a book of Cantrips

   Spells                             Type                      Level
   a - Confusing Touch                Hexes                        1
   b - Animate Skeleton               Necromancy                   1
   c - Summon Small Mammal            Summoning                    1
   d - Apportation                    Translocation                1
 C - a book of Changes

   Spells                             Type                      Level
   a - Beastly Appendage              Transmutation                1
   b - Sticks to Snakes               Transmutation                2
   c - Spider Form                    Transmutation/Poison         3
   d - Ice Form                       Ice/Transmutation            4
   e - Blade Hands                    Transmutation                5
 D - a book of Maledictions

   Spells                             Type                      Level
   a - Corona                         Hexes                        1
   b - Ensorcelled Hibernation        Hexes/Ice                    2
   c - Confuse                        Hexes                        3
   d - Tukima's Dance                 Hexes                        3
   e - Dazzling Spray                 Conjuration/Hexes            3
 H - a book of Flames

   Spells                             Type                      Level
   a - Flame Tongue                   Conjuration/Fire             1
   b - Throw Flame                    Conjuration/Fire             2
   c - Conjure Flame                  Conjuration/Fire             3
   d - Inner Flame                    Hexes/Fire                   3
   e - Sticky Flame                   Conjuration/Fire             4
   f - Fireball                       Conjuration/Fire             5
 O - a book of Ice

   Spells                             Type                      Level
   a - Ice Form                       Ice/Transmutation            4
   b - Metabolic Englaciation         Hexes/Ice                    5
   c - Ozocubu's Refrigeration        Ice                          6
   d - Bolt of Cold                   Conjuration/Ice              6
   e - Freezing Cloud                 Conjuration/Ice/Air          6
   f - Simulacrum                     Ice/Necromancy               6
Comestibles
 c - 9 rations
 m - 4 chunks of flesh


   Skills:
 + Level 8.2 Fighting
 + Level 10.5 Axes
 + Level 0.2 Throwing
 * Level 8.5 Armour
 + Level 2.1 Dodging
 + Level 4.7 Shields
 * Level 11.0 Invocations
 + Level 0.5 Evocations


You had 11 spell levels left.
You didn't know any spells.

Dungeon Overview and Level Annotations

Branches:
Dungeon (9/15)             Temple (0/1) D:7            Lair (5/6) D:9
  Swamp (0/4) Lair:3       Spider (0/4) Lair:4          Orc (0/2) D:9
  Slime: Lair:5-6

Altars:
Ashenzari
Cheibriados
Dithmenos
Kikubaaqudgha
Makhleb
Okawaru
Qazlal
Ru
Sif Muna
Uskayaw
Vehumet
Wu Jian
Xom
Zin

Shops:
D:7 =

Annotations:
Lair:1 1 transporter
Lair:3 exclusion: 2 oklob plants
Abyss:1 Fannar


Innate Abilities, Weirdness & Mutations

You have hooves in place of feet.
Armour fits poorly on your strangely shaped body.
You cover ground very quickly.
You have extremely tough skin. (AC +3)


Message History

You completely miss the yak. The yak gores you!
The yak gores you but does no damage. The yak gores you.
* * * LOW HITPOINT WARNING * * *
The yak gores you but does no damage.
You slash the yak! You freeze the yak.
The yak is severely wounded.
You closely miss the yak. You hit the yak. You freeze the yak.
You slash the yak! You freeze the yak. The yak gores you but does no damage.
The yak gores you!
* * * LOW HITPOINT WARNING * * *
The yak gores you!
* * * LOW HITPOINT WARNING * * *
The yak gores you but does no damage.
Unknown command.
You hit the yak. You freeze the yak.
The yak is severely wounded.
Your plate armour prevents you from hitting the yak.
You hit the yak but do no damage. You hit the yak. You freeze the yak.
You block the yak's attack. The yak gores you!
You die...

#..........≈≈# ##≈≈..............
...........≈## #≈≈≈..............
...........≈≈####≈≈..............
#..........≈≈≈≈≈≈≈≈..............
.................................
.#.#..##P###.#...##.#....#..#.###
......P### ###§..#...............
##....P# #P§§.................
....†..# #P..@Y...............
##....########.YYY...##..##.##..^
.##................P#########.#..
.##................## ###..
###................## #####..
.##....##.###......P#######..##..
###..>##### ##...................
.##...# ##.............<.....
.#....## #P.##................


You could see 4 yaks.

Vanquished Creatures
  Gastronok (Lair:1)
  The ghost of VanClaymore the Martial Artist, a novice OpTm (Lair:1)
  The ghost of Saeniel the Archer, a novice CeHu of Okawaru (D:7)
  A lindwurm (Lair:4)
  Psyche (D:8)
  A molten gargoyle (Lair:4)
  3 spiny frogs (Lair:3)
  A rime drake (Lair:3)
  3 komodo dragons
  7 blink frogs (Lair:3)
  Grinder (D:6)
  5 hippogriffs
  2 redbacks (Lair:4)
  29 yaks
  4 fire bats (Lair:4)
  A hungry ghost (D:9)
  The ghost of NeonDemon the Chopper, an amateur HaBe of Trog (D:4)
  Menkaure (D:5)
  5 water moccasins
  9 porcupines
  A hornet zombie (D:5)
  2 sky beasts
  2 black bears
  4 ice beasts
  3 orc warriors
  2 phantoms
  6 centaurs
  An ogre (D:9)
  4 crocodiles
  A big kobold (D:8)
  8 bullfrogs
  A water moccasin zombie (D:5)
  2 scorpions
  5 killer bees (D:7)
  5 wights (D:8)
  2 howler monkeys
  2 crimson imps
  A bullfrog zombie (D:9)
  4 hounds
  4 jellies
  9 orc wizards
  A centaur skeleton (D:7)
  3 orc priests
  Crazy Yiuf (D:7)
  A bullfrog skeleton (D:7)
  3 iguanas
  5 worker ants
  A killer bee zombie (D:7)
  A hound zombie (D:5)
  A hound skeleton (D:4)
  5 adders
  A howler monkey skeleton (D:7)
  2 shadow imps
  3 oozes
  An adder skeleton (D:5)
  3 worms
  3 dart slugs
  8 leopard geckos
  31 orcs
  A ball python (D:6)
  6 giant cockroaches
  6 goblins
  7 hobgoblins
  14 jackals
  2 quokkas (D:8)
  7 bats
  9 frilled lizards
  A jackal skeleton (D:4)
  16 kobolds
  A leopard gecko zombie (D:8)
  A quokka skeleton (D:6)
  A quokka zombie (D:8)
  5 rats
  2 fungi
300 creatures vanquished.

Vanquished Creatures (others)
  3 hydras
  2 rust devils (D:7)
  2 vampire mosquitoes (Lair:2)
  An electric eel (Lair:2)
  A jelly (D:7)
  3 fungi
12 creatures vanquished.

Grand Total: 312 creatures vanquished

Notes
Turn   | Place    | Note
-------+----------+-------------------------------------------
     0 | Abyss:1  | Gargoyl the Centaur Abyssal Knight began the quest for the Orb.
     0 | Abyss:1  | Reached XP level 1. HP: 19/19 MP: 2/2
    30 | Abyss:1  | Noticed a cyan very ugly thing
   113 | Abyss:2  | Noticed a thrashing horror
   113 | Abyss:2  | Identified 2 scrolls of acquirement
   115 | D:1      | Escaped the Abyss
   298 | D:1      | Reached XP level 2. HP: 26/26 MP: 3/3
   302 | D:1      | Reached * piety under Lugonu
   793 | D:2      | Noticed a howler monkey
   806 | D:2      | Killed a howler monkey
   806 | D:2      | Reached XP level 3. HP: 14/33 MP: 4/4
  1006 | D:2      | Reached XP level 4. HP: 40/40 MP: 5/5
  1132 | D:2      | Reached ** piety under Lugonu
  1257 | D:2      | Found a shadowy altar of Dithmenos.
  1887 | D:3      | Found a sacrificial altar of Ru.
  1887 | D:3      | Found an iron altar of Okawaru.
  2002 | D:3      | Reached XP level 5. HP: 44/46 MP: 7/7
  2560 | D:4      | Reached skill level 3 in Invocations
  2569 | D:4      | Reached *** piety under Lugonu
  2601 | D:4      | Reached skill level 1 in Dodging
  2635 | D:4      | Noticed NeonDemon's ghost (amateur HaBe)
  2673 | D:4      | Killed NeonDemon's ghost
  2673 | D:4      | Reached XP level 6. HP: 34/52 MP: 8/8
  3026 | D:4      | Found a burning altar of Makhleb.
  3028 | D:4      | Noticed a cacodemon
  3030 | D:4      | Found a glowing silver altar of Zin.
  3031 | D:4      | Noticed an angel
  3122 | D:4      | Found a shimmering altar of Xom.
  3122 | D:4      | Found a shimmering altar of Xom.
  3124 | D:4      | Found a shimmering altar of Xom.
  3124 | D:4      | Found a shimmering altar of Xom.
  3125 | D:4      | Found a shimmering altar of Xom.
  3126 | D:4      | Found a shimmering altar of Xom.
  3331 | D:5      | Entered Level 5 of the Dungeon
  3421 | D:5      | Found a hide-covered altar of Uskayaw.
  3432 | D:5      | Found a snail-covered altar of Cheibriados.
  3437 | D:5      | Noticed an ice beast
  3460 | D:5      | Killed an ice beast
  3460 | D:5      | Reached skill level 4 in Invocations
  3460 | D:5      | Reached XP level 7. HP: 54/60 MP: 8/10
  3708 | D:5      | Found an ancient bone altar of Kikubaaqudgha.
  3797 | D:5      | Reached **** piety under Lugonu
  3869 | D:5      | Reached skill level 1 in Shields
  3974 | D:5      | Noticed Menkaure
  3984 | D:5      | Killed Menkaure
  3984 | D:5      | Reached skill level 5 in Fighting
  3984 | D:5      | Reached XP level 8. HP: 53/68 MP: 11/11
  4303 | D:6      | Reached skill level 5 in Axes
  4632 | D:6      | Found a burning altar of Makhleb.
  4634 | D:6      | Reached skill level 5 in Invocations
  4812 | D:6      | Noticed a hippogriff
  4828 | D:6      | Killed a hippogriff
  4853 | D:6      | Noticed Grinder
  4859 | D:6      | Paralysed by Grinder for 2 turns
  4877 | D:6      | Killed Grinder
  5355 | D:7      | Found Derphil's Jewellery Emporium.
  5476 | D:7      | Reached XP level 9. HP: 71/74 MP: 13/13
  5529 | D:7      | Found a staircase to the Ecumenical Temple.
  5558 | D:7      | Found a radiant altar of Vehumet.
  5579 | D:7      | Reached skill level 5 in Armour
  6146 | D:7      | Found a runed door.
  6309 | D:7      | Noticed Crazy Yiuf
  6315 | D:7      | Killed Crazy Yiuf
  6436 | D:6      | Noticed a rust devil
  6436 | D:6      | Noticed a rust devil
  6453 | D:7      | Reached skill level 6 in Invocations
  6549 | D:7      | Banished a rust devil
  6568 | D:7      | Banished a rust devil
  6675 | D:7      | Noticed Saeniel's ghost (novice CeHu)
  6705 | D:7      | Killed Saeniel's ghost
  6705 | D:7      | Reached skill level 7 in Invocations
  6728 | D:8      | Noticed Psyche
  6740 | D:8      | Killed Psyche
  6787 | D:8      | Reached XP level 10. HP: 67/83 MP: 15/15
  6935 | D:8      | Reached skill level 8 in Invocations
  7152 | D:8      | Got an ichor-stained centaur barding
  7163 | D:8      | Identified the +1 centaur barding of Forgh {Str+3} (You acquired it on level 8 of the Dungeon)
  7300 | D:8      | Found an ornate altar of the Wu Jian Council.
  7438 | D:8      | Found a deep blue altar of Sif Muna.
  7753 | D:9      | Paralysed by fainting for 8 turns
  7887 | D:9      | Found a staircase to the Lair.
  7920 | D:9      | Found a radiant altar of Vehumet.
  8209 | D:9      | Found a shattered altar of Ashenzari.
  8213 | D:9      | Saw a vision of the Swamp and the Spider Nest.
  8357 | D:9      | Reached ***** piety under Lugonu
  8441 | D:9      | Found a staircase to the Orcish Mines.
  8592 | Lair:1   | Entered Level 1 of the Lair of Beasts
  8594 | Lair:1   | Noticed Gastronok
  8600 | Lair:1   | Noticed a five-headed hydra
  8650 | D:9      | Banished a five-headed hydra
  8695 | Lair:1   | Killed Gastronok
  8695 | Lair:1   | Reached skill level 9 in Invocations
  8695 | Lair:1   | Reached XP level 11. HP: 91/91 MP: 17/17
  8814 | Lair:1   | Noticed VanClaymore's ghost (novice OpTm)
  8834 | Lair:1   | Killed VanClaymore's ghost
  8969 | Lair:1   | Found a transporter.
  8978 | Lair:1   | Noticed a swamp dragon
  8978 | Lair:1   | Noticed a swamp dragon
  8978 | Lair:1   | Noticed a swamp dragon
  9006 | Lair:1   | Found a transporter.
  9531 | Lair:2   | Noticed Fannar
  9544 | Lair:2   | Banished Fannar
  9918 | Lair:2   | Reached skill level 10 in Invocations
  9950 | Lair:2   | Noticed a six-headed hydra
  9952 | Lair:2   | Banished a six-headed hydra
 10650 | Lair:3   | Found a staircase to the Swamp.
 10672 | Lair:2   | HP: 4/92 [vampire mosquito (6)]
 11009 | Lair:3   | Reached XP level 12. HP: 70/100 MP: 19/19
 11308 | Lair:3   | Found a stormy altar of Qazlal.
 11539 | Lair:3   | Reached skill level 10 in Axes
 12131 | Lair:4   | Found a hole to the Spider Nest.
 12594 | Lair:4   | Noticed a five-headed hydra
 12596 | Lair:4   | Banished a five-headed hydra
 12596 | Lair:4   | Reached skill level 11 in Invocations
 13094 | Lair:5   | Noticed a five-headed hydra
 13136 | Lair:4   | Banished a five-headed hydra
 13139 | Lair:4   | Slain by a yak

Skill      XL: |  1  2  3  4  5  6  7  8  9 10 11 12 |
---------------+-------------------------------------+-----
Axes           | 2 3 4 5 6 8 9 10 | 10.5
Armour         | 2 3 4 6 8 |  8.5
Invocations    | 3 4 5 7 9 10 11 | 11.0
Fighting       | 4 5 6 7 8 |  8.2
Dodging        | 1 2 |  2.1
Shields        | 1 2 3 4 |  4.7
Throwing       | |  0.2
Evocations     | |  0.5

Action                   |  1- 3 |  4- 6 |  7- 9 | 10-12 || total
-------------------------+-------+-------+-------+-------++-------
Melee: Hand axe          |    44 |   250 |   362 |       ||   656
       Kick              |     7 |    49 |    90 |   163 ||   309
       War axe           |       |       |    48 |   616 ||   664
Throw: Tomahawk          |       |     2 |       |     4 ||     6
Invok: Depart the Abyss  |     1 |       |       |       ||     1
       Banish            |       |       |     5 |    11 ||    16
       Bend Space        |       |       |       |     1 ||     1
Evoke: Wand              |       |     7 |     4 |       ||    11
  Use: Scroll            |     2 |    14 |     6 |    10 ||    32
       Potion            |       |       |     6 |     5 ||    11
 Stab: Sleeping          |     1 |     1 |       |       ||     2
       Paralysed         |       |     9 |       |       ||     9
  Eat: Chunk             |       |     2 |     5 |    11 ||    18
       Ration            |       |     1 |     2 |     5 ||     8
Armor: Leather armour    |    12 |       |       |       ||    12
       Ring mail         |    34 |   133 |       |       ||   167
       Chain mail        |       |    81 |   356 |   166 ||   603
       Plate armour      |       |       |       |   402 ||   402
Dodge: Dodged            |    15 |    53 |    21 |    53 ||   142
Block: Buckler           |     1 |    28 |       |       ||    29
       Shield            |       |     4 |   189 |   326 ||   519
